 Dungeon Crawl Stone Soup version 0.30.0-19-g36f170ea60 (webtiles) character file.

Game seed: 2450855130962390843

12640 EC1 the Basher (level 11, -1/102 HPs)
             Began as a Minotaur Fighter on May 30, 2023.
             Was an Elder of Trog.
             Killed from afar by a bog body (42 damage)
             ... with a bolt of cold
             ... on level 1 of the Swamp.
             The game lasted 00:40:07 (11929 turns).

EC1 the Basher (Minotaur Fighter)                  Turns: 11929, Time: 00:40:08

Health: -1/102     AC: 25    Str: 25    XL:     11   Next: 65%
Magic:  10/10      EV:  8    Int:  7    God:    Trog [****..]
Gold:   796        SH:  8    Dex: 10    Spells: 10/10 levels left

rFire   + . .        d - +1 morningstar
rCold   x x x        v - +2 buckler
rNeg    . . .        o - +3 plate armour
rPois   .            (helmet unavailable)
rElec   .            (no cloak)
rCorr   .            l - +0 pair of gloves
SInv    .            c - +0 pair of boots
Will    .....        m - amulet of the acrobat Stlth
                     s - ring of fire
HPRegen 0.37/turn    A - ring "Yfaoshegh" {AC+4 Int+2}
MPRegen 0.12/turn

%: acrobat
@: no status effects
A: horns 3, retaliatory headbutt, cold vulnerability 2
a: Renounce Religion, Berserk, Trog's Hand, Brothers in Arms


You were on level 1 of the Swamp.
You worshipped Trog.
Trog was greatly pleased with you.
You visited 4 branches of the dungeon, and saw 14 of its levels.

You collected 796 gold pieces.

Inventory:

Hand Weapons
 a - a +0 flail
 d - a +1 morningstar (weapon)
 k - a +1 sling of freezing
 p - a +0 dagger of holy wrath
 z - a +1 longbow of flaming
Armour
 c - a +0 pair of boots (worn)
 l - a +0 pair of gloves (worn)
 o - a +3 plate armour (worn)
 v - a +2 buckler (worn)
Jewellery
 m - an amulet of the acrobat (around neck)
 s - a ring of fire (left hand)
 w - an amulet of guardian spirit
 A - the ring "Yfaoshegh" (right hand) {AC+4 Int+2}
   (You found it on level 1 of the Lair of Beasts)

   [ring of protection]

   AC:        It affects your AC (+4).
   Int:       It affects your intelligence (+2).
Wands
 r - a wand of charming (9)
 x - a wand of flame (2)
Scrolls
 g - 10 scrolls of identify
 j - a scroll of teleportation
 n - 5 scrolls of blinking
 q - 3 scrolls of immolation
 t - 2 scrolls of enchant armour
 u - a scroll of fear
 B - a scroll of silence
Potions
 b - a potion of might
 e - 5 potions of lignification
 f - 2 potions of brilliance
 h - 4 potions of flight
 i - a potion of attraction
 C - 2 potions of mutation


   Skills:
 * Level 11.0 Fighting
 + Level 13.3 Maces & Flails
 + Level 0.4 Ranged Weapons
 * Level 11.6 Armour
 + Level 2.9 Dodging
 * Level 10.2 Shields
 + Level 0.3 Evocations


You had 10 spell levels left.
You didn't know any spells.
Your spell library contained the following spells:

 Spells                   Type           Power      Damage    Failure   Level
 Slow                     Hex            0%         N/A       99%         1
 Confusing Touch          Hex            0%         N/A       100%        3
 Vampiric Draining        Necr           0%         2d6       100%        3


Dungeon Overview and Level Annotations

Branches:
Dungeon (9/15)             Temple (1/1) D:4            Lair (3/5) D:9
  Swamp (1/4) Lair:3
  Snake: Lair:2-3    Spider: Lair:2-3       Orc: D:9-12

Altars:
Ashenzari
Cheibriados
Dithmenos
Elyvilon
Fedhas
Gozag
Hepliaklqana
Kikubaaqudgha
Makhleb
Nemelex Xobeh
Okawaru
Qazlal
Ru
Sif Muna
Trog
Uskayaw
Vehumet
Wu Jian
Xom
Yredelemnul
Zin
The Shining One

Annotations:
D:7 2 transporters, Elsvaer's ghost, novice DECj
Lair:3 1 runed translucent door, Snorg; grothendieck's ghost, journeyman DrFE


Innate Abilities, Weirdness & Mutations

You have a pair of large horns on your head.
You reflexively headbutt those who attack you in melee.
You are very vulnerable to cold. (rC--)


Message History

You barely miss the eleionoma. You headbutt the eleionoma!
You kill the eleionoma!
Trog accepts your kill. The tyrant leech bites you.
The tyrant leech draws strength from your injuries!
The will-o-the-wisp blinks!
Your Shields skill increases to level 10!
You feel better.
The tyrant leech bites you but does no damage.
The will-o-the-wisp gestures.
The will-o-the-wisp conjures some foxfire! 2 foxfires come into view.
The foxfire hits you but does no damage.
A swamp worm comes into view.
The tyrant leech bites you!
The tyrant leech draws strength from your injuries!
You thump the tyrant leech!
The tyrant leech is lightly wounded.
You barely miss the tyrant leech.
You headbutt the tyrant leech, but do no damage.
The tyrant leech is lightly wounded.
You block the tyrant leech's attack. The tyrant leech closely misses you.
You furiously retaliate!
You headbutt the tyrant leech! You bludgeon the will-o-the-wisp!!
You headbutt the will-o-the-wisp!
The will-o-the-wisp is severely damaged.
You block the will-o-the-wisp's attack. You block the swamp worm's attack.
The swamp worm misses you.
You bludgeon the will-o-the-wisp!!
You destroy the will-o-the-wisp!
Trog accepts your kill. The tyrant leech bites you.
The tyrant leech draws strength from your injuries!
The swamp worm completely misses you. You furiously retaliate!
You headbutt the swamp worm!
Your Fighting skill increases to level 11!
You feel better. You block the swamp worm's attack.
The bog body gestures at you while chanting.
The bolt of cold hits you!!!
You feel a terrible chill!
You die...

♣...~.♣♣♣ ♣♣.~~~.~~
♣♣..~.§.♣♣♣ ♣...~♣~~~
♣♣.....>.♣♣♣♣...~~.♣~
♣♣♣♣♣...~♣.....~~.~~
♣♣♣........~~.~♣
♣♣......~~~.§~
♣♣..♣♣..~~.~~ ♣wn♣
♣....~. ♣w@♣ ♣..~~~
♣~.♣ ♣~~~~ ♣..♣ .§~~
.~~♣ ~.. ♣♣~~. ♣~~.
♣~~~♣ ♣.§♣~


You could see a tyrant leech, a bog body and a swamp worm.

Vanquished Creatures
  Nessos (Lair:3)
  An eleionoma (Swamp:1)
  A skyshark (Lair:2)
  A bog body (Lair:3)
  A will-o-the-wisp (Swamp:1)
  A black mamba (Lair:2)
  5 cane toads
  3 komodo dragons
  The ghost of CaptainMV the Cutter, an amateur DrWn (D:5)
  A hornet (D:8)
  19 yaks
  A wraith (D:9)
  3 wyverns
  A human (D:3)
  A swamp worm (Swamp:1)
  6 water moccasins
  An orc warrior (D:5)
  An ice beast (D:6)
  A black bear (D:5)
  A sky beast (D:7)
  An ogre (D:6)
  4 centaurs
  3 phantoms
  7 bullfrogs
  A gnoll sergeant (D:9)
  A scorpion (D:5)
  A wight (D:9)
  2 howler monkeys (D:9)
  A gnoll bouda (D:5)
  5 jellies
  2 human zombies (D:3)
  2 orc priests (D:6)
  A quasit (D:7)
  3 iguanas
  2 sleepcaps (D:5)
  10 orc wizards
  5 adders
  5 gnolls (D:5)
  2 river rats (D:5)
  4 shadow imps (D:7)
  4 white imps
  3 ufetubi (D:7)
  A worm (D:2)
  A dart slug (D:5)
  29 orcs
  6 bats
  6 endoplasms
  4 giant cockroaches
  11 hobgoblins
  8 jackals
  5 quokkas
  7 ball pythons
  2 frilled lizards (D:2)
  8 goblins
  13 kobolds
  7 rats
228 creatures vanquished.

Vanquished Creatures (others)
  8 foxfires (Swamp:1)
8 creatures vanquished.

Grand Total: 236 creatures vanquished

Notes
Turn   | Place    | Note
-------+----------+-------------------------------------------
     0 | D:1      | EC1 the Minotaur Fighter began the quest for the Orb.
     0 | D:1      | Reached XP level 1. HP: 19/19 MP: 0/0
   249 | D:1      | Reached XP level 2. HP: 27/27 MP: 1/1
   587 | D:1      | Reached XP level 3. HP: 25/33 MP: 2/2
   590 | D:1      | Reached skill level 3 in Maces & Flails
  1457 | D:3      | Reached XP level 4. HP: 36/41 MP: 3/3
  1983 | D:3      | Found a snail-covered altar of Cheibriados.
  1984 | D:3      | Found a sparkling altar of Nemelex Xobeh.
  1990 | D:3      | Found an ornate altar of the Wu Jian Council.
  1990 | D:3      | Found a stormy altar of Qazlal.
  1990 | D:3      | Found a hide-covered altar of Uskayaw.
  1990 | D:3      | Found a glowing golden altar of the Shining One.
  1991 | D:3      | Found a broken altar of Ashenzari.
  1992 | D:3      | Found a burning altar of Makhleb.
  1993 | D:3      | Found a bloodstained altar of Trog.
  1998 | D:3      | Found a shimmering blue altar of Sif Muna.
  2004 | D:3      | Became a worshipper of Trog the Wrathful
  2137 | D:3      | Reached skill level 1 in Dodging
  2191 | D:3      | Found a runed translucent door.
  2191 | D:3      | Noticed a human
  2195 | D:3      | Found a basalt altar of Yredelemnul.
  2210 | D:3      | Reached XP level 5. HP: 34/47 MP: 4/4
  2240 | D:3      | Killed a human
  2241 | D:3      | Reached skill level 5 in Fighting
  2241 | D:3      | Reached skill level 4 in Maces & Flails
  2241 | D:3      | Reached skill level 5 in Armour
  2241 | D:3      | Reached XP level 6. HP: 37/56 MP: 5/5
  2523 | D:4      | Found a staircase to the Ecumenical Temple.
  2574 | Temple   | Entered the Ecumenical Temple
  3021 | D:4      | Reached skill level 5 in Maces & Flails
  3070 | D:4      | Reached * piety under Trog
  3447 | D:4      | Found a sacrificial altar of Ru.
  3537 | D:5      | Entered Level 5 of the Dungeon
  3562 | D:5      | Reached XP level 7. HP: 41/62 MP: 6/6
  3571 | D:5      | Reached skill level 5 in Shields
  3859 | D:5      | Noticed CaptainMV's ghost (amateur DrWn)
  3878 | D:5      | Found a runed translucent door.
  4007 | D:5      | Reached skill level 6 in Maces & Flails
  4193 | D:5      | Reached XP level 8. HP: 57/70 MP: 7/7
  4256 | D:5      | Reached skill level 7 in Maces & Flails
  4289 | D:5      | Reached ** piety under Trog
  4430 | D:5      | Found a hazy altar of Hepliaklqana.
  4652 | D:5      | Killed CaptainMV's ghost
  4947 | D:6      | Reached skill level 8 in Maces & Flails
  5218 | D:6      | Reached skill level 9 in Maces & Flails
  5383 | D:6      | Reached XP level 9. HP: 77/79 MP: 8/8
  5861 | D:7      | Reached skill level 10 in Maces & Flails
  5888 | D:7      | Reached *** piety under Trog
  6003 | D:7      | Gained mutation: You have a pair of large horns on your
                  | head. [potion of mutation]
  6003 | D:7      | Gained mutation: You are vulnerable to cold. (rC-) [potion
                  | of mutation]
  6003 | D:7      | Gained mutation: You are very vulnerable to cold. (rC--)
                  | [potion of mutation]
  6212 | D:7      | Found a transporter.
  6218 | D:7      | Noticed a moth of wrath
  6219 | D:7      | Noticed Elsvaer's ghost (novice DECj)
  6249 | D:7      | Found a transporter.
  7002 | D:8      | Found an ancient bone altar of Kikubaaqudgha.
  7131 | D:8      | Found a radiant altar of Vehumet.
  7232 | D:8      | Reached skill level 11 in Maces & Flails
  7660 | D:9      | Reached XP level 10. HP: 88/88 MP: 9/9
  8090 | D:9      | Found a staircase to the Lair.
  8480 | D:9      | Reached skill level 12 in Maces & Flails
  8748 | Lair:1   | Entered Level 1 of the Lair of Beasts
  8790 | Lair:1   | Identified the ring "Yfaoshegh" {AC+4 Int+2}
  8847 | Lair:1   | Noticed a cane toad
  8855 | Lair:1   | Killed a cane toad
  9061 | Lair:1   | Noticed a cane toad
  9070 | Lair:1   | Killed a cane toad
  9106 | Lair:1   | You fall into a shaft and drop 1 floor!
  9154 | Lair:2   | Noticed a skyshark
  9164 | Lair:2   | Killed a skyshark
  9591 | Lair:1   | Noticed a cane toad
  9595 | Lair:1   | Killed a cane toad
  9783 | Lair:1   | Noticed a cane toad
  9790 | Lair:1   | Killed a cane toad
 10170 | Lair:2   | Noticed a black mamba
 10194 | Lair:2   | Killed a black mamba
 10195 | Lair:2   | Reached skill level 10 in Armour
 10200 | Lair:2   | Reached XP level 11. HP: 59/99 MP: 7/10
 10835 | Lair:2   | Reached skill level 10 in Fighting
 10835 | Lair:2   | Reached skill level 13 in Maces & Flails
 11240 | Lair:3   | Reached **** piety under Trog
 11469 | Lair:3   | Found a runed translucent door.
 11469 | Lair:3   | Noticed grothendieck's ghost (journeyman DrFE)
 11471 | Lair:3   | Noticed Snorg
 11492 | Lair:3   | Found a staircase to the Swamp.
 11492 | Lair:3   | Noticed a bog body
 11492 | Lair:3   | Noticed Nessos
 11509 | Lair:3   | Killed a bog body
 11528 | Lair:3   | Killed Nessos
 11867 | Swamp:1  | Entered Level 1 of the Swamp
 11904 | Swamp:1  | Noticed an eleionoma
 11914 | Swamp:1  | Noticed a bog body
 11915 | Swamp:1  | Killed an eleionoma
 11916 | Swamp:1  | Reached skill level 10 in Shields
 11929 | Swamp:1  | Killed from afar by a bog body

Illustrated notes

Levels and vault maps discovered:
D:1:      dpeg_arrival_signposts, layout_loops_cross
D:2:      layout_rooms, serial_corexii_hall, chequers_hall_statues_y,
          corexii_hall_statues_x, minmay_strange_pillars
D:3:      minmay_skewed_foursquare, layout_loops_ring, minitemple,
          dk_yredelemnul_ordeal, nicolae_underground_beach
D:4:      layout_gridville, nicolae_ru_path_of_blood, minmay_temple_entry_ruins,
          minmay_unequal
D:5:      layout_loops_ring, nicolae_hepliaklqana_hippocampus,
          portal_sewer_entry_e, hellmonk_ghost_happy_afterlife
D:6:      layout_rooms
D:7:      layout_basic, serial_demonic, serial_demonic_f, serial_demonic_c,
          serial_demonic_c, serial_demonic_b, gammafunk_ghost_berserking_beasts
D:8:      layout_basic, kiku_gazebo_garden_becter, marbit_many_paths
D:9:      layout_stronghold, lair_entry_dummy, kennysheep_generic_room_13
Temple:   hellmonk_temple_beads
Lair:1:   layout_small_grid
Lair:2:   layout_chaotic_city
Lair:3:   layout_gridlike, skrybe_swamp_entry_bodies,
          guppyfry_snake_entry_garden, gammafunk_ghost_grave, uniq_nessos,
          uniq_snorg
Swamp:1:  cheibrodos_swamp_monstrosity, layout_falls_marsh,
          evilmike_swamp_ruin_house_5

Skill      XL: |  1  2  3  4  5  6  7  8  9 10 11 |
---------------+----------------------------------+-----
Shields        | 4 5 7 8 9 10 | 10.2
Fighting       | 4 5 6 7 8 9 11 | 11.0
Maces & Flails | 3 4 5 6 9 11 12 13 | 13.3
Armour         | 4 5 6 8 10 11 | 11.6
Dodging        | 1 2 |  2.9
Ranged Weapons | |  0.4
Evocations     | |  0.3

Action                     |  1- 3 |  4- 6 |  7- 9 | 10-12 || total
---------------------------+-------+-------+-------+-------++-------
  Melee: Flail             |   114 |   165 |   133 |       ||   412
         Headbutt          |    13 |    18 |    73 |    54 ||   158
         Morningstar       |       |       |   234 |   192 ||   426
   Fire: Sling             |       |     3 |       |       ||     3
 Invoke: Berserk           |       |       |     1 |     1 ||     2
         Trog's Hand       |       |       |       |     1 ||     1
  Evoke: Wand              |       |       |       |     5 ||     5
    Use: Potion            |     4 |     1 |     5 |     8 ||    18
         Scroll            |     6 |     3 |     6 |     3 ||    18
 Armour: Scale mail        |    71 |    79 |     3 |       ||   153
         Plate armour      |       |       |   169 |   137 ||   306
  Dodge: Dodged            |    51 |    67 |   120 |   107 ||   345
  Block: Buckler           |    35 |    37 |    71 |   102 ||   245
